Map: Cyber Forest LE

Players

soul

  • Race: Terran Terran
  • League: Grandmaster
  • Spawn Location: 11:00

DnS - Winner!

  • Race: Protoss Protoss
  • Spawn Location: 5:00

Event: 2019 WCS Winter Europe

VOD

Have the link to the VOD?

Description

Time

  • Played on: Feb. 8, 2019, 12:29 p.m.
  • Length: 10:48

All games in this series

Show
View Real Time Build Order
Export as new Build Order

soul Terran 

Build Orders: Gas First Reaper Expand 

Get SALT Encoding   

  12  0:00  SCV  
  13  0:13  SCV  
  14  0:17  Supply Depot  
  14  0:25  SCV  
  14  0:27  Refinery  
  15  0:38  SCV  
  16  0:45  Barracks  
  16  0:50  SCV  
  17  1:02  SCV  
  18  1:14  SCV  
  19  1:32  Reaper, Orbital Command  
  20  1:44  Command Center  
  20  1:55  Factory  
  20  1:59  SCV  
  21  2:05  Barracks Reactor  
  21  2:12  SCV  
  21  2:13  Supply Depot  
  22  2:17  Refinery  
  22  2:24  SCV  
  23  2:36  SCV  
  24  2:42  Starport, Marine x2  
  26  2:50  Factory Tech Lab  
  26  2:51  SCV  
  27  3:04  Orbital Command  
  27  3:05  Marine x2  
  29  3:10  Cyclone  
  29  3:11  SCV  
  33  3:18  Starport Tech Lab  
  33  3:22  Marine  
  33  3:23  SCV, Marine  
  36  3:32  SCV  
  37  3:35  SCV  
  37  3:40  Marine x2  
  37  3:41  Viking  
  41  3:44  SCV, Supply Depot  
  41  3:47  SCV  
  43  3:49  Widow Mine  
  43  3:54  Supply Depot  
  45  3:56  SCV  
  46  4:05  Marine x2  
  46  4:06  SCV  
  46  4:08  SCV  
  50  4:14  Raven  
  52  4:18  SCV  
  52  4:21  SCV  
  52  4:24  Command Center  
  54  4:34  SCV, Barracks x2  
  54  4:36  SCV  
  55  4:38  Stimpack  
  55  4:41  Engineering Bay  
  55  4:45  Refinery  
  55  4:47  Refinery  
  55  4:52  SCV, Factory Reactor  
  56  4:54  SCV  
  56  4:58  Bunker  
  57  5:01  Supply Depot  
  57  5:04  SCV  
  58  5:08  Starport Reactor  
  58  5:09  Terran Infantry Weapons Level 1  
  57  5:16  Barracks  
  57  5:17  Barracks  
  57  5:18  SCV  
  57  5:21  SCV  
  59  5:27  Marine x2  
  59  5:28  Marauder  
  63  5:31  SCV  
  63  5:35  Combat Shield  
  64  5:38  SCV  
  64  5:42  Widow Mine  
  67  5:44  Widow Mine  
  67  5:45  Marine  
  70  5:51  Marine  
  70  5:52  Marauder  
  70  5:55  SCV  
  74  5:57  Supply Depot  
  74  5:59  Medivac x2  
  74  6:03  Orbital Command  
  78  6:06  Barracks Tech Lab, Barracks Reactor  
  78  6:08  SCV  
  78  6:09  Marine  
  80  6:13  Marine  
  80  6:14  Marauder  
  80  6:17  Widow Mine  
  85  6:19  Widow Mine  
  87  6:27  Marine  
  87  6:29  Marauder  
  87  6:31  Marine  
  91  6:32  Orbital Command  
  91  6:35  Marauder  
  93  6:47  Supply Depot  
  93  6:49  Widow Mine x2, Marine x2  
  93  6:50  Marauder  
  93  6:51  Supply Depot  
  101  6:54  Concussive Shells  
  101  7:06  Marine x2  
  100  7:09  Marauder x2  
  100  7:10  Marine  
  100  7:11  Marauder  
  100  7:14  Marine  
  97  7:24  Marine x2  
  97  7:28  Marine  
  96  7:31  Marauder x2, Marine  
  96  7:33  Marauder  
  96  7:36  Supply Depot x2  
  99  7:41  Marine x2  
  99  7:42  Medivac x2  
  99  7:43  SCV  
  104  7:45  SCV  
  106  7:52  Marauder x2, Marine  
  106  7:54  Marauder, Widow Mine x2  
  106  7:57  Marine  
  117  8:00  SCV, Supply Depot  
  117  8:01  Supply Depot  
  117  8:03  Terran Infantry Armor Level 1  
  118  8:09  SCV x2  
  118  8:12  SCV, Marine  
  122  8:13  Marauder x2  
  122  8:17  Medivac x2  
  130  8:23  Supply Depot  
  130  8:24  Supply Depot  
  130  8:26  SCV  
  130  8:27  SCV  
  130  8:29  SCV  
  130  8:34  Marauder, Marine  
  134  8:36  Marine  
  134  8:38  SCV  
  134  8:39  SCV, Marauder  
  140  8:41  SCV  
  139  8:48  Marine  
  139  8:49  Marauder  
  139  8:52  Liberator  
  142  8:56  SCV x3  
  145  9:04  Liberator  
  145  9:05  Starport  
  145  9:08  Fusion Core, SCV x3  
  151  9:19  Refinery  
  151  9:20  SCV x3, Refinery  
  155  9:26  Supply Depot x2  
  155  9:32  SCV x2  
  155  9:35  Liberator  
  155  9:36  Armory, Engineering Bay  
  157  9:42  SCV  
  157  9:45  Starport Tech Lab  
  158  9:47  Liberator  
  158  9:48  Liberator  
  158  9:49  Supply Depot  
  158  9:50  Supply Depot  
  161  10:00  Command Center  
  159  10:16  Marine  
  159  10:17  Marauder  
  159  10:21  Marauder, Marine  
Show
View Real Time Build Order
Export as new Build Order

DnS Protoss - Winner!

Build Orders: 1 Gate Expand, Oracle Opening 

Get SALT Encoding   

  12  0:00  Probe  
  13  0:12  Probe  
  14  0:17  Pylon  
  14  0:25  Probe  
  15  0:34  Probe  
  15  0:37  Gateway  
  15  0:42  Probe  
  16  0:47  Assimilator  
  17  0:52  Probe  
  18  1:04  Probe  
  19  1:17  Probe  
  20  1:25  Nexus  
  20  1:35  Cybernetics Core  
  20  1:38  Probe  
  21  1:45  Assimilator  
  21  1:50  Probe  
  22  1:54  Pylon  
  22  2:02  Probe  
  22  2:03  Adept  
  23  2:14  Probe  
  26  2:18  Stargate  
  26  2:23  Adept  
  26  2:26  Warp Gate, Probe  
  27  2:34  Probe  
  29  2:39  Probe  
  29  2:42  Probe  
  31  2:51  Probe  
  33  2:52  Probe  
  33  2:53  Oracle  
  34  3:03  Probe  
  34  3:04  Probe  
  39  3:06  Adept  
  39  3:12  Pylon  
  41  3:15  Probe  
  41  3:16  Probe  
  43  3:27  Probe  
  43  3:28  Probe  
  45  3:39  Oracle, Probe  
  49  3:41  Gateway  
  49  3:43  Gateway  
  49  3:46  Probe  
  50  3:51  Probe  
  50  3:53  Pylon  
  51  3:59  Probe  
  52  4:03  Nexus  
  52  4:05  Probe  
  52  4:08  Pylon  
  53  4:11  Probe  
  53  4:15  Phoenix, Assimilator  
  54  4:17  Probe  
  57  4:25  Probe  
  57  4:27  Assimilator  
  57  4:29  Pylon  
  58  4:34  Probe  
  58  4:37  Probe  
  60  4:42  Twilight Council  
  60  4:43  Forge  
  60  4:45  Probe  
  60  4:47  Probe  
  60  4:51  Robotics Facility  
  62  4:53  Probe  
  62  4:55  Probe  
  62  4:58  Blink  
  62  4:59  Sentry  
  66  5:01  Probe  
  66  5:03  Probe  
  67  5:07  Protoss Ground Weapons Level 1  
  67  5:12  Probe  
  69  5:15  Probe  
  69  5:16  Probe  
  71  5:24  Probe  
  71  5:27  Probe  
  71  5:28  Probe, Gateway  
  73  5:30  Sentry x2, Gateway x2  
  78  5:37  Probe  
  78  5:39  Probe  
  78  5:40  Robotics Bay  
  78  5:41  Probe  
  78  5:42  Assimilator  
  81  5:49  Stalker, Probe  
  84  5:51  Probe  
  84  5:53  Probe  
  84  5:54  Assimilator  
  84  5:55  Observer  
  81  5:59  Gateway  
  81  6:01  Probe  
  81  6:03  Probe  
  83  6:05  Gateway  
  83  6:07  Pylon  
  83  6:08  Stalker  
  83  6:09  Stalker, Probe  
  88  6:13  Probe  
  88  6:16  Pylon  
  88  6:17  Observer x2  
  90  6:19  Pylon  
  90  6:27  Colossus  
  90  6:28  Stalker x3  
  90  6:30  Pylon  
  101  6:47  Stalker x3  
  106  6:56  Stalker x3  
  106  6:57  Stalker  
  106  7:00  Photon Cannon, Shield Battery  
  114  7:02  Stalker  
  114  7:11  Protoss Ground Armor Level 1  
  114  7:15  Stalker x3  
  114  7:16  Charge  
  114  7:19  Colossus  
  98  7:23  Stalker x4  
  110  7:37  Zealot  
  110  7:44  Zealot x3  
  118  7:52  Pylon  
  118  7:54  Zealot x2, Sentry  
  118  7:57  Extended Thermal Lance  
  124  8:00  Pylon x2  
  124  8:12  Zealot x2  
  125  8:13  Zealot x3  
  125  8:15  Pylon  
  125  8:17  Colossus  
  139  8:21  Pylon  
  139  8:27  Sentry x2  
  143  8:36  Forge  
  143  8:38  Pylon  
  143  8:47  Stalker x2  
  143  8:48  Zealot x4  
  153  8:56  Robotics Facility  
  153  9:11  Warp Prism  
  153  9:16  Zealot  
  153  9:17  Zealot x2, Stalker x3  
  163  9:25  Pylon  
  163  9:26  Pylon  
  163  9:27  Pylon  
  163  9:35  Nexus  
  163  9:39  Pylon  
  163  9:44  Templar Archives  
  163  9:45  Pylon  
  163  9:47  Observer  
  163  9:49  Stalker x4  
  172  9:52  Pylon  
  172  9:59  Stalker x2  
  176  10:03  Stalker  
  177  10:11  Zealot  
  179  10:17  Zealot x4  
  141  10:40  Zealot x6  
  141  10:41  Zealot x2  
Tags
 
Add a new tag
Caveats
  • Supply blocks, unpowered buildings, or Contaminate may cause inaccurate times.
  • Supply counts are checked every 10 seconds.